 Dungeon Crawl Stone Soup version 0.31-a0-865-g3d5d91748a (webtiles) character file.

Game seed: 9750081555394774563

50 gruber the Conjurer (level 3, 0/26 HPs)
             Began as a Draconian Conjurer on Oct 10, 2023.
             Slain by Terence
             ... wielding a +0 mace
              (6 damage)
             ... on level 2 of the Dungeon.
             The game lasted 00:01:54 (1809 turns).

gruber the Conjurer (Draconian Conjurer)            Turns: 1809, Time: 00:01:55

Health: 0/26       AC:  5    Str:  9    XL:     3   Next: 55%
Magic:  1/6        EV: 12    Int: 20    God:
Gold:   92         SH:  0    Dex:  9    Spells: 3/6 levels left

rFire   . . .        j - +0 trident (protect)
rCold   . . .        (no shield)
rNeg    . . .        (body armour unavailable)
rPois   .            (helmet restricted)
rElec   .            (no cloak)
rCorr   .            (no gloves)
SInv    .            (no boots)
Will    .....        (no amulet)
Stlth   ++           (no ring)
HPRegen 0.24/turn    (no ring)
MPRegen 0.10/turn

%: no passive effects
@: no status effects
A: AC +5, unfitting armour, cold-blooded
a: no special abilities


You were on level 2 of the Dungeon.
You visited 1 branch of the dungeon, and saw 2 of its levels.

You collected 92 gold pieces.

Inventory:

Hand Weapons
 j - a +0 trident of protection (weapon)
Jewellery
 h - an amulet of faith
Scrolls
 c - a scroll of noise {unknown}
 d - a scroll of amnesia {unknown}
 e - a scroll of blinking {unknown}
 f - a scroll of fog {unknown}
 i - a scroll of enchant armour {unknown}
 k - a scroll of summoning {unknown}
 m - a scroll of fear {unknown}
 n - a scroll of teleportation {unknown}
 o - a scroll of identify {unknown}
Potions
 b - a potion of enlightenment {unknown}
 g - a potion of brilliance {unknown}
 l - 3 potions of might {unknown}


   Skills:
 - Level 1.7 Dodging
 - Level 1.7 Stealth
 - Level 2.0 Spellcasting
 + Level 5.3 Conjurations


You had 3 spell levels left.
You knew the following spells:

 Your Spells              Type           Power      Damage    Failure   Level
a - Magic Dart            Conj           92%        1d7       1%          1
b - Searing Ray           Conj           46%        2d6       2%          2

Your spell library contained the following spells:

 Spells                   Type           Power      Damage    Failure   Level
 Dazzling Flash           Conj/Hex       24%        N/A       16%         3
 Lesser Beckoning         Tloc           4%         N/A       24%         2
 Gell's Gravitas          Tloc           2%         N/A       43%         3
 Teleport Other           Tloc           2%         N/A       43%         3
 Fulminant Prism          Conj/Hex       6%         3d7       45%         4
 Iskenderun's Mystic Bla  Conj/Tloc      12%        2d5       45%         4


Dungeon Overview and Level Annotations

Branches:
Dungeon (2/15)

Altars:

Shops:
D:1 *

Annotations:
D:2 Terence


Innate Abilities, Weirdness & Mutations

Your plain brown scales are hard. (AC +5)
You cannot fit into any form of body armour.
You are cold-blooded and may be slowed by cold attacks.


Message History

Terence is moderately wounded.
Terence hits you with a +0 mace!
You are too injured to fight recklessly!
You aren't carrying any items that you can evoke.
Casting: Magic Dart (safe; 1% risk of failure)
Confirm with . or Enter, or press ? or * to list all spells.
Aiming: Searing Ray (safe; 2% risk of failure)
Press: ? - help, Shift-Dir - straight line, f/p - Terence
Aim: Terence, wielding a +0 mace and wearing a +0 chain mail (moderately wounded, 84% to hit)
The searing ray hits Terence.
Terence is moderately wounded. (Press . to maintain the ray.) Terence says, "How do you enjoy it?"
Terence hits you but does no damage.
Unknown command.
Magic courses through your body. Terence hits you with a +0 mace.
Unknown command.
Unknown command.
Casting: Searing Ray (safe; 2% risk of failure)
Confirm with . or Enter, or press ? or * to list all spells.
Aiming: Searing Ray (safe; 2% risk of failure)
Press: ? - help, Shift-Dir - straight line, f/p - Terence
Aim: Terence, wielding a +0 mace and wearing a +0 chain mail (moderately wounded, 84% to hit)
The searing ray hits Terence but does no damage.
Terence is moderately wounded. (Press . to maintain the ray.) Terence misses you.
Unknown command.
The searing ray hits Terence.
Terence is heavily wounded.
Terence hits you with a +0 mace.
The searing ray hits Terence.
Terence is heavily wounded.
Terence hits you with a +0 mace.
* * * LOW HITPOINT WARNING * * *
The searing ray hits Terence.
Terence is severely wounded.
You finish channelling your searing ray.
Terence hits you with a +0 mace.
You die...

.# #.# #.# #.#
##.#########
..........## #
##.#######......#... .#
......@@..>.....#.†###.#
.#.#######..#.#.#..#....
.........#.#.#..#.#.#
##................#.#
#...........†....... #.
#...##.####.##....#.
.##...##.####.##......
.............###...#.
#.#..#..########<..#.


You could see Terence.

Vanquished Creatures
  A gnoll (D:1)
  2 worms (D:2)
  A dart slug (D:1)
  2 ball pythons
  2 bats
  2 endoplasms (D:1)
  A giant cockroach (D:2)
  4 goblins
  5 hobgoblins
  A quokka (D:2)
  A frilled lizard (D:1)
  4 kobolds
  5 rats
31 creatures vanquished.

Notes
Turn   | Place    | Note
-------+----------+-------------------------------------------
     0 | D:1      | gruber the Draconian Conjurer began the quest for the Orb.
     0 | D:1      | Reached XP level 1. HP: 14/14 MP: 3/3
   214 | D:1      | Found a faded altar of an unknown god.
   421 | D:1      | Reached XP level 2. HP: 20/20 MP: 3/5
   832 | D:1      | Found Murghag's Assorted Antiques.
   842 | D:1      | Learned a level 2 spell: Searing Ray
   983 | D:1      | Reached skill level 5 in Conjurations
   983 | D:1      | Reached XP level 3. HP: 23/26 MP: 1/6
  1791 | D:2      | Noticed Terence
  1809 | D:2      | Slain by Terence

Illustrated notes

Levels and vault maps discovered:
D:1:      dpeg_arrival_pits, layout_basic, serial_shops, shop,
          hellmonk_ecumenical_altar_leap_of_faith
D:2:      layout_basic, uniq_terence

Skill      XL: |  1  2 |
---------------+-------+-----
Conjurations   | 5 |  5.3
Dodging        | |  1.7
Stealth        | |  1.7
Spellcasting   | |  2.0

Action                     || total
---------------------------++-------
  Melee: Unarmed           ||    30
         Tailslap          ||     4
         Punch             ||     1
         Trident           ||    10
   Cast: Magic Dart        ||    78
         Searing Ray       ||     2
    Use: Potion            ||     1
 Armour: Skin              ||    33
  Dodge: Dodged            ||    25

Table legend: (Time is in decaauts)
 A = Elapsed time spent in this place.
 B = Non-inter-level travel time spent in this place.
 C = Inter-level travel time spent in this place.
 D = Time resting spent in this place.
 E = Time spent auto-exploring this place.
 F = Levels seen in this place.
 G = Mean time per level.
                   A        B        C        D        E       F      G
               +--------+--------+--------+--------+--------+-----+--------+
         Total |   1811 |   1785 |     26 |      0 |   1576 |   2 |  905.5 |
       Dungeon |   1811 |   1785 |     26 |      0 |   1576 |   2 |  905.5 |
               +--------+--------+--------+--------+--------+-----+--------+

Top non-repeatable levels by time:
     D:1: 1154 daAuts
     D:2: 657 daAuts
